 Dungeon Crawl Stone Soup version 0.31-a0-344-gd109795599 (webtiles) character file.

Game seed: 2283749349853945991

20901 HotCheetoh the Peltast (level 12, 0/135 HPs)
             Began as a Minotaur Fighter on July 21, 2023.
             Was an Elder of Trog.
             Slain by a tengu conjurer
             ... wielding a +0 hand axe
              (5 damage)
             ... on level 11 of the Dungeon.
             The game lasted 01:04:31 (23566 turns).

HotCheetoh the Peltast (Minotaur Fighter)          Turns: 23566, Time: 01:04:31

Health: 0/135      AC: 13    Str: 31    XL:     12   Next: 49%
Magic:  0/11       EV:  7    Int:  9    God:    Trog [****..]
Gold:   831        SH:  8    Dex:  9    Spells: 11/11 levels left

rFire   . . .        v - +2 war axe (heavy)
rCold   + . .        c - +0 buckler
rNeg    + . .        R - +0 plate armour
rPois   +            (helmet restricted)
rElec   .            d - +1 cloak
rCorr   .            (no gloves)
SInv    .            (no boots)
Will    .....        z - amulet of Kaaduiwk {Spirit Str+6} Stlth
                     n - ring of positive energy
HPRegen 1.22/turn    J - ring of poison resistance
MPRegen 0.12/turn

%: guardian spirit
@: mighty, berserking (expiring), marked, spiked, very quick
A: horns 2, retaliatory headbutt, fangs 1, clever 1, cold resistance 1,
regeneration 1
a: Renounce Religion, Berserk, Trog's Hand, Brothers in Arms


You were on level 11 of the Dungeon.
You worshipped Trog.
Trog was greatly pleased with you.
You visited 2 branches of the dungeon, and saw 13 of its levels.
You also visited: Ossuary and Ice Cave.

You collected 831 gold pieces.

Inventory:

Hand Weapons
 a - a +0 war axe
 h - a +0 broad axe of freezing
 q - a +1 hand axe of freezing
 v - a +2 heavy war axe (weapon)
Armour
 b - a +0 scale mail
 c - a +0 buckler (worn)
 d - a +1 cloak (worn)
 i - an orb of mayhem
 I - a +0 cloak
 R - a +0 plate armour (worn)
Jewellery
 j - a ring of fire
 n - a ring of positive energy (left hand)
 w - a ring of positive energy
 x - a ring of protection from fire
 z - the amulet of Kaaduiwk (around neck) {Spirit Str+6}
   (You acquired it on level 10 of the Dungeon)

   [amulet of guardian spirit]

   It causes incoming damage to be divided between your reserves of health and
   magic.
   Str:       It affects your strength (+6).
 J - a ring of poison resistance (right hand)
Wands
 B - a wand of charming (5)
 C - a wand of flame (27)
 L - a wand of iceblast (7)
 S - a wand of light (7)
Scrolls
 f - 7 scrolls of teleportation
 g - 2 scrolls of enchant armour
 k - a scroll of immolation
 l - 8 scrolls of identify
 p - a scroll of poison
 r - 4 scrolls of amnesia
 s - 2 scrolls of blinking
 y - 2 scrolls of torment
 D - a scroll of revelation
 H - 3 scrolls of fog
 Q - 2 scrolls of brand weapon
Potions
 e - 4 potions of lignification
 m - 9 potions of curing
 o - 5 potions of heal wounds
 t - a potion of resistance {unknown}
 u - a potion of berserk rage {unknown}
 E - 2 potions of mutation
 F - 2 potions of might
 G - 3 potions of attraction {unknown}
 K - a potion of cancellation {unknown}
 N - 2 potions of ambrosia {unknown}
Miscellaneous
 O - a tin of tremorstones (2/2)


   Skills:
 - Level 3.6 Fighting
 + Level 17.1 Axes
 - Level 3.6 Armour
 - Level 18.0 Shields


You had 11 spell levels left.
You didn't know any spells.
Your spell library contained the following spells:

 Spells                   Type           Power      Damage    Failure   Level
 Magic Dart               Conj           0%         1d3       99%         1
 Slow                     Hex            0%         N/A       99%         1
 Searing Ray              Conj           0%         2d4       99%         2
 Confusing Touch          Hex            0%         N/A       100%        3
 Ozocubu's Armour         Ice            0%         N/A       100%        3
 Vampiric Draining        Necr           0%         2d6       100%        3
 Fulminant Prism          Conj/Hex       0%         3d5       100%        4
 Metabolic Englaciation   Hex/Ice        0%         N/A       100%        5
 Simulacrum               Ice/Necr       0%         N/A       100%        6


Dungeon Overview and Level Annotations

Branches:
Dungeon (11/15)            Temple (0/1) D:7            Lair (2/5) D:8
Ossuary (visited)           IceCv (visited)
  Swamp: Lair:2-3    Shoals: Lair:2-3     Snake: Lair:2-3    Spider: Lair:2-3
    Orc: D:9-12

Altars:
Ashenzari
Cheibriados
Gozag
Hepliaklqana
Makhleb
Okawaru
Ru
Trog
Uskayaw
Vehumet
The Shining One

Shops:
D:4 [   D:8 :


Innate Abilities, Weirdness & Mutations

You have a pair of horns on your head.
You reflexively headbutt those who attack you in melee.
You have very sharp teeth.
Your mind is acute. (Int +4, Str/Dex -1)
Your flesh is cold resistant. (rC+)
Your natural rate of healing is unusually fast.


Message History

Reactivating autopickup.
You feel a bit more experienced.
You barely miss the orc. The orc hits you but does no damage.
The orc priest miscasts a cantrip.
An orc comes into view. It is wielding a +0 hand axe.
You chop the orc into pieces!!!
You kill the orc!
Trog accepts your kill.
You barely miss the orc warrior.
The orc warrior hits you with a +0 scimitar!
* * * LOW HITPOINT WARNING * * *
An orc wizard comes into view.
It is wielding a +4 dagger of electrocution.
You miss the tengu warrior. Your headbutt misses the tengu warrior.
You bite the tengu warrior.
The tengu warrior is lightly wounded.
You slash the tengu conjurer! You barely miss the orc warrior.
You completely miss the orc.
The tengu warrior hits you with a +0 great sword!
* * * LOW HITPOINT WARNING * * *
The tengu warrior pecks you but does no damage.
The tengu warrior claws you but does no damage.
The tengu conjurer hits you but does no damage.
You block the tengu conjurer's attack.
The tengu conjurer claws you but does no damage.
You slash the tengu warrior! You headbutt the tengu warrior!
The tengu warrior is severely wounded.
You barely miss the orc. You miss the tengu conjurer.
You closely miss the orc warrior. The orc closely misses you.
The manticore flicks its tail.
The volley of spikes hits you.
The barbed spikes become lodged in your body.
* * * LOW HITPOINT WARNING * * *
You block the orc warrior's attack.
The tengu warrior hits you with a +0 great sword!
* * * LOW HITPOINT WARNING * * *
The tengu warrior pecks you.
* * * LOW HITPOINT WARNING * * *
The tengu warrior claws you but does no damage.
The tengu conjurer hits you with a +0 hand axe.
You die...

....###.........
..............o..
.........(....o.
............o.#
...........o.#
........o.o.## ##
........o....###.#
.......oo)....#..#
#....*Q@o........#
##.....Q).o......#
##....H...........#
.#......###........#
.......# ##.?.....#
....... #.......##
.......## ##.........
........###........##
.
..................##
.


You could see a tengu warrior, a manticore, a tengu conjurer, an orc warrior, 2
orc priests, 2 orc wizards, a battlesphere (distracted) and 6 orcs.

Vanquished Creatures
  Josephine (D:10)
  Sonja (D:10)
  4 elephants (Lair:1)
  Maurice (D:10)
  A torpor snail (Lair:2)
  A black mamba (Lair:2)
  Maggie (Lair:2)
  A cane toad (Lair:2)
  2 unseen horrors
  4 rime drakes
  2 komodo dragons
  2 polar bears (Lair:2)
  Prince Ribbit (D:8)
  A troll (D:11)
  4 blink frogs (Lair:1)
  Sigmund (D:3)
  3 wyverns
  6 wraiths
  25 yaks
  Eustachio (D:4)
  2 basilisks (Lair:1)
  A vampire (D:11)
  4 vampire mosquitoes (D:11)
  A steam dragon (D:9)
  9 water moccasins
  4 orc warriors
  An ice beast (D:6)
  4 ogres
  12 wolves
  3 centaurs
  5 kobold brigands
  2 gnoll sergeants
  7 bullfrogs
  3 scorpions
  A cane toad simulacrum (IceCv)
  7 wights
  4 killer bees (D:8)
  7 howler monkeys
  Crazy Yiuf (D:3)
  3 hounds
  2 jellies (D:7)
  7 orc priests
  A gnoll bouda (D:8)
  An iron imp (D:3)
  3 sleepcaps
  9 orc wizards
  3 iguanas (D:5)
  A troll simulacrum (IceCv)
  4 spriggan simulacra (IceCv)
  3 mummies (Ossuary)
  4 adders
  18 gnolls
  A naga simulacrum (IceCv)
  A white imp (D:6)
  3 ufetubi
  A worm (D:2)
  3 dart slugs
  51 orcs
  11 ball pythons
  5 bats
  10 endoplasms
  3 giant cockroaches
  A gnoll zombie (Ossuary)
  3 goblins
  6 hobgoblins
  9 jackals
  2 quokkas (D:1)
  3 frilled lizards
  A goblin zombie (Ossuary)
  5 hobgoblin zombies (Ossuary)
  36 kobolds
  4 kobold zombies (Ossuary)
  4 rats
363 creatures vanquished.

Vanquished Creatures (collateral kills)
  A skyshark (Lair:2)
1 creature vanquished.

Grand Total: 364 creatures vanquished

Notes
Turn   | Place    | Note
-------+----------+-------------------------------------------
     0 | D:1      | HotCheetoh the Minotaur Fighter began the quest for the
                  | Orb.
     0 | D:1      | Reached XP level 1. HP: 19/19 MP: 0/0
    86 | D:1      | Reached XP level 2. HP: 21/26 MP: 1/1
   247 | D:1      | Reached XP level 3. HP: 24/31 MP: 2/2
  1405 | D:2      | Reached skill level 5 in Axes
  1434 | D:2      | Found a faded altar of an unknown god.
  2032 | D:3      | Found a hide-covered altar of Uskayaw.
  2032 | D:3      | Found a radiant altar of Vehumet.
  2032 | D:3      | Found a bloodstained altar of Trog.
  2044 | D:3      | Became a worshipper of Trog the Wrathful
  2057 | D:3      | Found a broken altar of Ashenzari.
  2060 | D:3      | Found an opulent altar of Gozag.
  2163 | D:3      | Found a runed translucent door.
  2164 | D:3      | Noticed Crazy Yiuf
  2189 | D:3      | Noticed Sigmund
  2210 | D:3      | Killed Sigmund
  2211 | D:3      | Reached XP level 4. HP: 4/39 MP: 3/3
  2211 | D:3      | Reached XP level 5. HP: 5/45 MP: 4/4
  2691 | D:3      | Noticed an ogre
  2695 | D:3      | Killed an ogre
  2696 | D:3      | Reached XP level 6. HP: 27/51 MP: 5/5
  3093 | D:3      | Found a snail-covered altar of Cheibriados.
  3432 | D:3      | Killed Crazy Yiuf
  3935 | D:4      | Noticed Eustachio
  3944 | D:4      | Killed Eustachio
  3945 | D:4      | Reached XP level 7. HP: 54/57 MP: 6/6
  4048 | D:4      | Reached * piety under Trog
  4055 | D:4      | Reached skill level 10 in Axes
  4149 | D:4      | Found Uheggik's Armour Emporium.
  4521 | D:4      | Found a burning altar of Makhleb.
  4779 | D:5      | Entered Level 5 of the Dungeon
  4802 | D:5      | Reached XP level 8. HP: 64/64 MP: 7/7
  4805 | D:5      | Reached skill level 4 in Shields
  4981 | D:5      | Reached skill level 5 in Shields
  4988 | D:5      | HP: 3/64 [poisoned by a scorpion]
  5438 | D:5      | Reached skill level 6 in Shields
  5851 | D:6      | Reached ** piety under Trog
  5953 | D:6      | Found a sand-covered staircase.
  5966 | Ossuary  | Entered an ossuary
  6272 | Ossuary  | Reached skill level 7 in Shields
  6650 | Ossuary  | Gained mutation: Your mind is acute. (Int +4, Str/Dex -1)
                  | [potion of mutation]
  6650 | Ossuary  | Gained mutation: Your flesh is cold resistant. (rC+)
                  | [potion of mutation]
  6650 | Ossuary  | Gained mutation: Your natural rate of healing is unusually
                  | fast. [potion of mutation]
  6650 | Ossuary  | Gained mutation: You have very sharp teeth. [potion of
                  | mutation]
  6663 | Ossuary  | Identified a scroll of acquirement
  6663 | Ossuary  | Acquired a +0 heavy broad axe
  6738 | D:6      | Reached skill level 8 in Shields
  6738 | D:6      | Reached XP level 9. HP: 70/70 MP: 8/8
  6842 | D:6      | Reached skill level 9 in Shields
 15255 | D:7      | Found a large runed translucent door.
 15256 | D:7      | Found a large runed translucent door.
 15458 | D:7      | Found a flagged portal.
 15496 | D:7      | Found an iron altar of Okawaru.
 15647 | D:7      | Found a staircase to the Ecumenical Temple.
 15848 | D:7      | Found a hazy altar of Hepliaklqana.
 15857 | D:7      | Found a sacrificial altar of Ru.
 16026 | D:8      | Reached skill level 10 in Shields
 16042 | D:8      | Reached skill level 11 in Shields
 16270 | D:8      | Reached XP level 10. HP: 77/77 MP: 9/9
 16281 | D:8      | Reached skill level 12 in Shields
 16302 | D:8      | Reached *** piety under Trog
 16320 | D:8      | Noticed Prince Ribbit
 16330 | D:8      | Killed Prince Ribbit
 16479 | D:8      | Found a staircase to the Lair.
 16499 | Lair:1   | Entered Level 1 of the Lair of Beasts
 16871 | Lair:1   | Reached skill level 13 in Shields
 17303 | Lair:1   | Reached skill level 14 in Shields
 17493 | Lair:1   | Reached XP level 11. HP: 60/82 MP: 10/10
 17805 | Lair:1   | Reached skill level 15 in Shields
 18105 | Lair:2   | Reached skill level 16 in Shields
 18109 | Lair:2   | Noticed a skyshark
 18115 | Lair:2   | Killed a skyshark
 18237 | Lair:2   | Found a frozen archway.
 18246 | Lair:2   | Reached skill level 17 in Shields
 18261 | IceCv    | Entered an ice cave
 18426 | IceCv    | Reached **** piety under Trog
 19770 | Lair:2   | Noticed Maggie
 19782 | Lair:2   | Killed Maggie
 20036 | Lair:2   | Reached skill level 18 in Shields
 20792 | D:8      | Found Nangaint's Book Boutique.
 21069 | D:9      | Found a glowing golden altar of the Shining One.
 21227 | D:9      | Reached XP level 12. HP: 90/90 MP: 11/11
 21697 | D:10     | Entered Level 10 of the Dungeon
 21785 | D:10     | Reached skill level 15 in Axes
 21851 | D:10     | Noticed Sonja
 21855 | D:10     | Killed Sonja
 22096 | D:10     | Noticed Josephine
 22106 | D:10     | Killed Josephine
 22561 | D:10     | Noticed Maurice
 22582 | D:10     | Killed Maurice
 23353 | D:10     | Acquired the amulet of Kaaduiwk {Spirit Str+6}
 23553 | D:11     | Noticed a tengu warrior
 23566 | D:11     | HP: 6/135 [tengu warrior/+0 great sword (10)]
 23566 | D:11     | Slain by a tengu conjurer

Illustrated notes

Levels and vault maps discovered:
D:1:      shiori_arrival_elements, layout_basic
D:2:      layout_loops_ring, hellmonk_ecumenical_altar_leap_of_faith,
          serial_co_window_serial, co_window_paths_a, co_window_corner_a,
          co_window_paths_a, co_window_paths_a, co_window_of_opportunity_a,
          co_window_2corner, co_window_corner_ca, co_window_corner_cb,
          co_window_of_opportunity_b, co_window_2corner, co_window_corner_b,
          co_window_paths_d, glass_columns_b, glass_columns_b, glass_columns_b,
          glass_columns_a, glass_columns_a
D:3:      layout_basic, minmay_overflow_temple_star_hex, slow_altar_1,
          uniq_sigmund, uniq_crazy_yiuf_cottage
D:4:      cheibrodos_thug_alley, layout_basic,
          mainiacjoe_overflow_surrounded_room, serial_shops, nicolae_shop_stone,
          uniq_eustachio
D:5:      layout_basic
D:6:      layout_cave_pools, enter_ossuary_1
D:7:      layout_basic, okawaru_gym_becter, jmf_multi_god_temple2,
          minmay_temple_entry_antechambers, enter_bailey_6
D:8:      layout_loops_ring, david_lair_shrubbed, serial_shops, shop,
          uniq_prince_ribbit1
D:9:      layout_long_grid, amcnicky_altar_gilded,
          nicolae_elevator_lobby_asterisk
D:10:     nicolae_cairo_tiling, layout_gridville, uniq_maurice, uniq_josephine,
          uniq_sonja
D:11:     layout_big_octagon, hiddenorc2_lemuel
Lair:1:   layout_cave_pods
Lair:2:   layout_hall_layers, portal_ice_cave_rime,
          chequers_serial_rivers_micro_e, uniq_maggie

Skill      XL: |  1  2  3  4  5  6  7  8  9 10 11 12 |
---------------+-------------------------------------+-----
Axes           | 3 4 7 8 9 11 12 13 14 17 | 17.1
Shields        | 8 11 14 18 | 18.0
Fighting       | |  3.6
Armour         | |  3.6

Action                     |  1- 3 |  4- 6 |  7- 9 | 10-12 || total
---------------------------+-------+-------+-------+-------++-------
  Melee: War axe           |    92 |    57 |   191 |   338 ||   678
         Headbutt          |    14 |    10 |    38 |    53 ||   115
         Broad axe         |       |       |    56 |       ||    56
         Bite              |       |       |     4 |    33 ||    37
 Invoke: Berserk           |       |       |     7 |    14 ||    21
         Trog's Hand       |       |       |       |     2 ||     2
    Use: Potion            |       |     1 |     8 |     2 ||    11
         Scroll            |       |       |    14 |     5 ||    19
 Armour: Scale mail        |    58 |    12 |    94 |    86 ||   250
         Plate armour      |       |       |       |    68 ||    68
  Dodge: Dodged            |    57 |    18 |    87 |   128 ||   290
  Block: Buckler           |    28 |    11 |    65 |   133 ||   237

Table legend: (Time is in decaauts)
 A = Elapsed time spent in this place.
 B = Non-inter-level travel time spent in this place.
 C = Inter-level travel time spent in this place.
 D = Time resting spent in this place.
 E = Time spent auto-exploring this place.
 F = Levels seen in this place.
 G = Mean time per level.
                   A        B        C        D        E       F      G
               +--------+--------+--------+--------+--------+-----+--------+
         Total |  23839 |  23340 |    499 |  11243 |   8893 |  15 | 1589.3 |
       Dungeon |  18852 |  18399 |    453 |   8690 |   7479 |  11 | 1713.8 |
          Lair |   2710 |   2664 |     46 |    943 |   1099 |   2 | 1355.0 |
       Ossuary |    750 |    750 |      0 |    254 |    315 |   1 |  750.0 |
      Ice Cave |   1525 |   1525 |      0 |   1355 |      0 |   1 | 1525.0 |
               +--------+--------+--------+--------+--------+-----+--------+

Top non-repeatable levels by time:
     D:6: 8328 daAuts
     D:3: 1726 daAuts
    D:10: 1715 daAuts
  Lair:1: 1664 daAuts
   IceCv: 1525 daAuts
     D:7: 1133 daAuts
     D:4: 1089 daAuts
     D:5: 1055 daAuts
  Lair:2: 1045 daAuts
     D:2: 1036 daAuts
     D:1: 960 daAuts
     D:9: 821 daAuts
     D:8: 779 daAuts
 Ossuary: 750 daAuts
    D:11: 206 daAuts
